General information
- name: HUGE FFA
- type: Custom game
- host: PickUpTheBong
- saver: TIMG4STRok
map: DivideAndConquer
- players: 12
- length: 45:56
- speed: Fast
- version: 1.24 W3XP
- replay type:

» download(430 KB)
Players
team 1 (loser)
PickUpTheBong (
light-blue | 57 APM | 2629 actions | 45:45)
7 Crypt Lord
3 Carrion Beetles
3 Impale
1 Locust Swarm
6 Death Knight
3 Death Coil
2 Unholy Aura
1 Animate Dead
6 Lich
3 Frost Nova
2 Dark Ritual
1 Death and Decay
» actions
| Assign group hotkey | 71 | |
| Basic commands | 334 | |
| Build / train | 118 | |
| Enter build submenu | 29 | |
| Enter hero's abilities submenu | 20 | |
| Give item / drop item | 2 | |
| Right click | 341 | |
| Select / deselect | 552 | |
| Select group hotkey | 1027 | |
| Use ability | 135 | |
2629 total
» units
| Acolyte | 15 | |
| Ghoul | 4 | |
| Crypt Fiend | 10 | |
| Obsidian Statue | 5 | |
| Frost Wyrm | 12 | |
46 total
» upgrades
| Creature Attack | 3 | |
| Web | 1 | |
| Creature Carapace | 3 | |
| Freezing Breath | 1 | |
| Burrow | 1 | |
9 total
» buildings
| Graveyard | 2 | |
| Crypt | 3 | |
| Altar of Darkness | 1 | |
| Ziggurat | 11 | |
| Tomb of Relics | 1 | |
| Spirit Tower | 9 | |
| Halls of the Dead | 4 | |
| Necropolis | 3 | |
| Nerubian Tower | 1 | |
| Black Citadel | 3 | |
| Slaughterhouse | 1 | |
| Sacrificial Pit | 1 | |
| Boneyard | 2 | |
42 total
» build order
00:13 Graveyard
00:21 Crypt
00:44 Altar of Darkness
00:59 Ziggurat
01:18 Ziggurat
01:45 Tomb of Relics
04:35 Ziggurat
04:37 Ziggurat
05:00 Ziggurat
05:28 Spirit Tower
05:30 Spirit Tower
05:30 Spirit Tower
05:43 Crypt
05:48 Crypt
06:02 Spirit Tower
06:03 Spirit Tower
06:03 Spirit Tower
07:03 Halls of the Dead
07:10 Necropolis
07:24 Spirit Tower
07:28 Nerubian Tower
08:52 Ziggurat
08:56 Ziggurat
09:17 Ziggurat
09:45 Black Citadel
09:45 Black Citadel
10:04 Slaughterhouse
11:07 Sacrificial Pit
13:29 Boneyard
13:31 Boneyard
20:32 Ziggurat
20:36 Spirit Tower
21:48 Spirit Tower
21:57 Halls of the Dead
21:57 Halls of the Dead
26:58 Necropolis
28:42 Graveyard
33:28 Necropolis
44:15 Ziggurat
44:18 Ziggurat
» items
| Rod of Necromancy | 1 | |
| Sacrificial Skull | 1 | |
| Potion of Lesser Invulnerability | 4 | |
| Scroll of Protection | 4 | |
| Scroll of Town Portal | 4 | |
| Scroll of Healing | 3 | |
| Orb of Corruption | 1 | |
18 total
team 2 (loser)
xmuahxbatamerex (
green | 21 APM | 745 actions | 36:08)
3 Paladin
2 Devotion Aura
1 Holy Light
» actions
| Basic commands | 6 | |
| Build / train | 92 | |
| Enter build submenu | 31 | |
| Enter hero's abilities submenu | 3 | |
| Remove unit from queue | 7 | |
| Right click | 276 | |
| Select / deselect | 283 | |
| Use ability | 47 | |
745 total
» units
| Peasant | 14 | |
| Footman | 8 | |
| Rifleman | 15 | |
| Priest | 10 | |
| Sorceress | 7 | |
| Knight | 4 | |
58 total
» upgrades
| Swords | 1 | |
| Lumber Harvesting | 1 | |
| Priest Training | 2 | |
| Sorceress Training | 1 | |
| Plating | 1 | |
| Armor | 2 | |
| Gunpowder | 2 | |
10 total
» buildings
| Altar of Kings | 1 | |
| Farm | 10 | |
| Barracks | 2 | |
| Lumber Mill | 2 | |
| Keep | 1 | |
| Blacksmith | 1 | |
| Arcane Vault | 2 | |
| Castle | 1 | |
| Arcane Sanctum | 1 | |
| Town Hall | 1 | |
| Scout Tower | 8 | |
| Guard Tower | 6 | |
36 total
» build order
00:06 Altar of Kings
00:14 Farm
00:36 Barracks
01:02 Farm
02:05 Farm
03:17 Lumber Mill
03:43 Keep
04:37 Blacksmith
05:51 Farm
06:00 Arcane Vault
06:09 Castle
07:08 Farm
07:11 Arcane Sanctum
07:57 Farm
08:55 Farm
12:39 Town Hall
12:51 Farm
23:12 Farm
23:19 Lumber Mill
25:14 Farm
27:03 Scout Tower
27:44 Guard Tower
27:47 Scout Tower
28:37 Guard Tower
28:40 Scout Tower
28:45 Scout Tower
29:17 Guard Tower
29:19 Scout Tower
29:20 Guard Tower
29:26 Scout Tower
30:31 Guard Tower
30:32 Guard Tower
30:34 Keep
31:10 Arcane Vault
31:15 Barracks
32:25 Scout Tower
32:28 Scout Tower
» items
| Scroll of Town Portal | 1 | |
| Scroll of Regeneration | 2 | |
| Potion of Mana | 1 | |
| Orb of Fire | 1 | |
5 total
team 3 (loser)
awm (
red | 42 APM | 314 actions | 07:27)
1 Blademaster
1 Wind Walk
» actions
| Assign group hotkey | 10 | |
| Build / train | 14 | |
| Enter build submenu | 9 | |
| Enter hero's abilities submenu | 1 | |
| Right click | 184 | |
| Select / deselect | 73 | |
| Select group hotkey | 5 | |
| Use ability | 18 | |
314 total
» units
» buildings
| Altar of Storms | 1 | |
| Orc Burrow | 3 | |
| Barracks | 1 | |
| War Mill | 1 | |
| Watch Tower | 4 | |
| Voodoo Lounge | 1 | |
| Stronghold | 1 | |
12 total
» build order
00:04 Altar of Storms
00:14 Orc Burrow
00:34 Barracks
01:42 Orc Burrow
02:23 War Mill
03:30 Orc Burrow
04:09 Watch Tower
04:11 Watch Tower
06:18 Watch Tower
06:20 Watch Tower
06:57 Voodoo Lounge
07:20 Stronghold
team 4 (loser)

»
akune (
blue | 43 APM | 1267 actions | 29:41)
9 Blademaster
3 Wind Walk
3 Critical Strike
1 Bladestorm
2 Mirror Image
» actions
| Assign group hotkey | 48 | |
| Basic commands | 84 | |
| Build / train | 77 | |
| ESC pressed | 1 | |
| Enter build submenu | 21 | |
| Enter hero's abilities submenu | 9 | |
| Give item / drop item | 3 | |
| Right click | 573 | |
| Select / deselect | 254 | |
| Select group hotkey | 124 | |
| Use ability | 73 | |
1267 total
» units
» upgrades
| Ranged Weapons | 3 | |
| Armor | 3 | |
| Spiked Barricades | 1 | |
| Envenomed Spears | 1 | |
| Reinforced Defenses | 1 | |
9 total
» buildings
| War Mill | 1 | |
| Orc Burrow | 8 | |
| Altar of Storms | 1 | |
| Watch Tower | 4 | |
| Stronghold | 1 | |
| Voodoo Lounge | 1 | |
| Beastiary | 2 | |
| Fortress | 1 | |
| Great Hall | 1 | |
20 total
» build order
00:12 War Mill
00:28 Orc Burrow
00:51 Altar of Storms
01:23 Orc Burrow
01:55 Watch Tower
02:25 Watch Tower
03:02 Stronghold
03:30 Voodoo Lounge
03:39 Watch Tower
04:06 Orc Burrow
06:09 Beastiary
07:15 Beastiary
07:32 Fortress
07:56 Watch Tower
08:37 Orc Burrow
08:45 Orc Burrow
09:00 Orc Burrow
14:31 Orc Burrow
18:41 Great Hall
27:54 Orc Burrow
» items
| Healing Salve | 5 | |
| Lesser Clarity Potion | 3 | |
| Potion of Healing | 5 | |
| Scroll of Town Portal | 5 | |
| Boots of Speed | 1 | |
| Staff of Teleportation | 1 | |
| Orb of Lightning | 1 | |
21 total
team 5 (loser)
IMPERADOR10 (
dark-green | 97 APM | 2227 actions | 22:58)
5 Demon Hunter
3 Mana Burn
2 Evasion
4 Priestess of the Moon
2 Trueshot Aura
2 Searing Arrows
2 Keeper of the Grove
1 Entangling Roots
1 Thorns Aura
» actions
| Assign group hotkey | 36 | |
| Basic commands | 163 | |
| Build / train | 143 | |
| ESC pressed | 1 | |
| Enter build submenu | 25 | |
| Enter hero's abilities submenu | 11 | |
| Give item / drop item | 2 | |
| Remove unit from queue | 7 | |
| Right click | 545 | |
| Select / deselect | 406 | |
| Select group hotkey | 757 | |
| Use ability | 131 | |
2227 total
» units
| Wisp | 49 | |
| Archer | 16 | |
| Druid of the Talon | 18 | |
| Hippogryph | 5 | |
88 total
» upgrades
| Improved Bows | 1 | |
| Druid of the Talon Training | 2 | |
| Mark of the Talon | 1 | |
| Marksmanship | 1 | |
| Ultravision | 1 | |
| Strength of the Wild | 1 | |
| Reinforced Hides | 1 | |
| Well Spring | 2 | |
10 total
» buildings
| Altar of Elders | 1 | |
| Moon Well | 7 | |
| Ancient of War | 2 | |
| Tree of Ages | 4 | |
| Ancient of Wonders | 1 | |
| Tree of Eternity | 1 | |
| Ancient of Wind | 2 | |
| Tree of Life | 3 | |
| Hunter's Hall | 1 | |
| Ancient Protector | 5 | |
27 total
» build order
00:10 Altar of Elders
00:20 Moon Well
00:28 Ancient of War
01:53 Ancient of War
02:24 Moon Well
02:33 Moon Well
03:16 Moon Well
04:14 Tree of Ages
04:14 Tree of Ages
04:15 Tree of Ages
04:27 Ancient of Wonders
06:44 Tree of Eternity
06:47 Ancient of Wind
06:49 Ancient of Wind
08:23 Moon Well
09:56 Tree of Life
10:44 Tree of Life
14:28 Hunter's Hall
14:46 Moon Well
15:19 Moon Well
15:47 Tree of Life
17:51 Ancient Protector
19:47 Ancient Protector
19:51 Ancient Protector
21:00 Ancient Protector
21:06 Ancient Protector
» items
| Boots of Speed | 5 | |
| Scroll of Town Portal | 3 | |
| Orb of Venom | 2 | |
| Anti-magic Potion | 3 | |
| Potion of Healing | 4 | |
| Staff of Preservation | 1 | |
18 total
team 6 (loser)

»
mata. (
purple | 133 APM | 6098 actions | 45:55)
6 Blademaster
2 Wind Walk
3 Critical Strike
1 Bladestorm
3 Shadow Hunter
2 Healing Wave
1 Hex
» actions
| Assign group hotkey | 633 | |
| Basic commands | 21 | |
| Build / train | 148 | |
| Enter build submenu | 134 | |
| Enter hero's abilities submenu | 9 | |
| Give item / drop item | 5 | |
| Remove unit from queue | 5 | |
| Right click | 3311 | |
| Select / deselect | 1292 | |
| Select group hotkey | 283 | |
| Use ability | 253 | |
6098 total
» units
| Peon | 65 | |
| Grunt | 8 | |
| Wind Rider | 3 | |
| Shaman | 3 | |
| Raider | 2 | |
| Troll Batrider | 11 | |
92 total
» upgrades
| Armor | 1 | |
| Ensnare | 1 | |
| Shaman Training | 1 | |
| Berserker Strength | 1 | |
| Reinforced Defenses | 1 | |
| Troll Regeneration | 1 | |
| Liquid Fire | 2 | |
8 total
» buildings
| Altar of Storms | 6 | |
| Orc Burrow | 15 | |
| Barracks | 2 | |
| Voodoo Lounge | 5 | |
| Stronghold | 2 | |
| War Mill | 3 | |
| Watch Tower | 22 | |
| Beastiary | 6 | |
| Spirit Lodge | 1 | |
| Great Hall | 5 | |
| Fortress | 2 | |
69 total
» build order
00:05 Altar of Storms
00:15 Orc Burrow
00:49 Barracks
01:24 Voodoo Lounge
01:42 Orc Burrow
03:17 Stronghold
03:47 War Mill
04:14 Orc Burrow
05:17 Watch Tower
06:01 Beastiary
06:03 Spirit Lodge
07:43 Watch Tower
07:44 Watch Tower
07:50 Orc Burrow
08:33 Great Hall
10:58 Watch Tower
13:35 Great Hall
14:13 Watch Tower
14:14 Watch Tower
15:03 Watch Tower
15:04 Watch Tower
15:36 Watch Tower
15:38 Orc Burrow
15:50 Voodoo Lounge
16:36 Watch Tower
17:28 Watch Tower
18:23 Great Hall
19:04 Fortress
19:08 Watch Tower
19:10 Watch Tower
19:31 Watch Tower
19:32 Watch Tower
20:19 Beastiary
21:18 Watch Tower
21:29 Altar of Storms
22:13 Watch Tower
22:25 Orc Burrow
22:43 Orc Burrow
24:46 Orc Burrow
26:07 War Mill
26:30 Great Hall
27:48 Altar of Storms
28:50 Voodoo Lounge
30:13 Orc Burrow
30:21 Barracks
31:30 Stronghold
31:40 Watch Tower
31:41 Watch Tower
33:49 Voodoo Lounge
33:51 Watch Tower
33:56 Watch Tower
33:58 Altar of Storms
34:02 Watch Tower
34:03 Altar of Storms
34:09 Altar of Storms
35:17 Orc Burrow
35:25 War Mill
35:44 Fortress
35:45 Fortress
35:51 Orc Burrow
36:01 Beastiary
36:43 Great Hall
39:16 Voodoo Lounge
40:04 Orc Burrow
40:18 Orc Burrow
41:06 Beastiary
41:07 Beastiary
41:08 Beastiary
41:17 Orc Burrow
44:16 Orc Burrow
» items
| Healing Salve | 10 | |
| Potion of Healing | 4 | |
| Potion of Mana | 1 | |
| Scroll of Town Portal | 2 | |
| Boots of Speed | 1 | |
| Staff of Teleportation | 1 | |
| Scroll of Speed | 1 | |
| Orb of Lightning | 1 | |
21 total
team 7 (loser)
dunkinmacarthy (
yellow | 66 APM | 1955 actions | 29:43)
2 Mountain King
1 Bash
1 Storm Bolt
» actions
| Assign group hotkey | 29 | |
| Basic commands | 58 | |
| Build / train | 90 | |
| ESC pressed | 2 | |
| Enter build submenu | 38 | |
| Enter hero's abilities submenu | 2 | |
| Remove unit from queue | 3 | |
| Right click | 1102 | |
| Select / deselect | 495 | |
| Select group hotkey | 6 | |
| Use ability | 130 | |
1955 total
» units
| Peasant | 13 | |
| Footman | 9 | |
| Sorceress | 3 | |
| Mortar Team | 20 | |
45 total
» upgrades
| Masonry | 3 | |
| Defend | 1 | |
| Lumber Harvesting | 1 | |
| Gunpowder | 3 | |
| Sorceress Training | 2 | |
| Fragmentation Shards | 1 | |
| Flare | 1 | |
| Magic Sentry | 1 | |
13 total
» buildings
| Altar of Kings | 1 | |
| Farm | 9 | |
| Barracks | 1 | |
| Lumber Mill | 1 | |
| Arcane Vault | 3 | |
| Scout Tower | 17 | |
| Guard Tower | 16 | |
| Keep | 1 | |
| Castle | 1 | |
| Blacksmith | 1 | |
| Arcane Sanctum | 1 | |
| Workshop | 1 | |
53 total
» build order
00:21 Altar of Kings
00:37 Farm
00:52 Barracks
01:09 Lumber Mill
01:31 Farm
02:10 Farm
03:17 Arcane Vault
05:46 Scout Tower
05:48 Scout Tower
05:52 Scout Tower
05:57 Arcane Vault
06:20 Guard Tower
06:24 Guard Tower
06:28 Guard Tower
06:41 Scout Tower
06:46 Scout Tower
06:52 Farm
07:15 Guard Tower
07:23 Scout Tower
07:28 Arcane Vault
07:37 Scout Tower
07:39 Farm
07:59 Guard Tower
08:02 Scout Tower
08:04 Farm
08:18 Guard Tower
08:32 Guard Tower
08:35 Keep
11:01 Castle
11:32 Blacksmith
11:59 Arcane Sanctum
12:09 Scout Tower
12:16 Scout Tower
12:39 Guard Tower
13:02 Workshop
13:07 Guard Tower
13:20 Farm
13:27 Farm
13:29 Farm
14:43 Scout Tower
15:19 Guard Tower
17:25 Scout Tower
17:29 Scout Tower
18:00 Guard Tower
18:08 Scout Tower
18:10 Scout Tower
18:14 Scout Tower
18:25 Guard Tower
18:50 Guard Tower
18:51 Guard Tower
18:52 Guard Tower
21:09 Scout Tower
21:36 Guard Tower
» items
| Scroll of Regeneration | 4 | |
| Scroll of Town Portal | 4 | |
8 total
team 8 (loser)
team 9 (loser)
xalala (
brown | 90 APM | 2508 actions | 27:42)
2 Archmage
1 Summon Water Elemental
1 Brilliance Aura
1 Paladin
1 Holy Light
» actions
| Assign group hotkey | 80 | |
| Basic commands | 106 | |
| Build / train | 97 | |
| ESC pressed | 4 | |
| Enter build submenu | 34 | |
| Enter hero's abilities submenu | 3 | |
| Right click | 1131 | |
| Select / deselect | 556 | |
| Select group hotkey | 331 | |
| Use ability | 166 | |
2508 total
» units
| Peasant | 34 | |
| Knight | 2 | |
| Gryphon Rider | 3 | |
| Priest | 2 | |
| Sorceress | 2 | |
| Rifleman | 14 | |
| Spell Breaker | 7 | |
| Dragonhawk Rider | 1 | |
65 total
» upgrades
| Plating | 1 | |
| Gunpowder | 1 | |
| Sorceress Training | 2 | |
| Control Magic | 1 | |
| Long Rifles | 1 | |
| Swords | 1 | |
7 total
» buildings
| Altar of Kings | 1 | |
| Farm | 12 | |
| Lumber Mill | 3 | |
| Scout Tower | 5 | |
| Arcane Tower | 1 | |
| Guard Tower | 3 | |
| Keep | 3 | |
| Arcane Vault | 1 | |
| Barracks | 1 | |
| Blacksmith | 1 | |
| Castle | 3 | |
| Town Hall | 1 | |
| Gryphon Aviary | 2 | |
| Arcane Sanctum | 2 | |
39 total
» build order
00:11 Altar of Kings
00:22 Farm
00:37 Lumber Mill
00:50 Farm
01:04 Scout Tower
01:38 Arcane Tower
01:46 Farm
02:04 Scout Tower
02:30 Farm
02:38 Guard Tower
02:57 Lumber Mill
03:06 Keep
03:06 Keep
03:07 Keep
03:10 Farm
03:53 Farm
04:04 Arcane Vault
04:36 Barracks
04:39 Farm
05:06 Blacksmith
05:25 Farm
05:27 Castle
05:28 Castle
05:28 Castle
06:12 Farm
06:52 Farm
08:26 Town Hall
08:36 Gryphon Aviary
08:45 Farm
08:58 Gryphon Aviary
09:26 Farm
10:13 Arcane Sanctum
10:18 Arcane Sanctum
11:52 Scout Tower
11:53 Scout Tower
11:55 Scout Tower
12:33 Guard Tower
20:50 Lumber Mill
» items
| Lesser Clarity Potion | 1 | |
| Scroll of Regeneration | 2 | |
| Potion of Healing | 4 | |
7 total
team 10 (winner)

»
TIMG4STRok (
gray | 162 APM | 7449 actions | 45:56)
8 Death Knight
3 Death Coil
3 Unholy Aura
1 Animate Dead
1 Death Pact
7 Lich
3 Frost Nova
3 Frost Armor
1 Death and Decay
7 Dreadlord
3 Sleep
3 Vampiric Aura
1 Inferno
» actions
| Assign group hotkey | 49 | |
| Basic commands | 81 | |
| Build / train | 116 | |
| ESC pressed | 5 | |
| Enter build submenu | 47 | |
| Enter hero's abilities submenu | 22 | |
| Give item / drop item | 3 | |
| Right click | 3245 | |
| Select / deselect | 529 | |
| Select group hotkey | 3045 | |
| Use ability | 307 | |
7449 total
» units
| Acolyte | 15 | |
| Ghoul | 10 | |
| Crypt Fiend | 9 | |
| Obsidian Statue | 5 | |
| Frost Wyrm | 6 | |
45 total
» upgrades
| Creature Attack | 3 | |
| Creature Carapace | 5 | |
| Destroyer Form | 1 | |
| Web | 1 | |
| Freezing Breath | 1 | |
| Burrow | 1 | |
12 total
» buildings
| Crypt | 2 | |
| Altar of Darkness | 1 | |
| Ziggurat | 13 | |
| Tomb of Relics | 1 | |
| Nerubian Tower | 2 | |
| Graveyard | 2 | |
| Halls of the Dead | 3 | |
| Spirit Tower | 9 | |
| Black Citadel | 4 | |
| Slaughterhouse | 2 | |
| Sacrificial Pit | 1 | |
| Necropolis | 12 | |
| Boneyard | 2 | |
54 total
» build order
00:07 Crypt
00:14 Altar of Darkness
00:35 Ziggurat
00:54 Tomb of Relics
01:21 Ziggurat
01:59 Nerubian Tower
03:10 Graveyard
04:20 Halls of the Dead
05:41 Ziggurat
05:44 Ziggurat
05:49 Spirit Tower
07:32 Black Citadel
07:55 Slaughterhouse
08:01 Slaughterhouse
08:40 Ziggurat
11:24 Ziggurat
14:46 Spirit Tower
14:50 Sacrificial Pit
14:53 Necropolis
14:55 Ziggurat
16:02 Boneyard
16:03 Boneyard
16:30 Spirit Tower
16:45 Spirit Tower
18:14 Necropolis
20:37 Necropolis
20:39 Necropolis
21:02 Ziggurat
21:03 Ziggurat
21:58 Spirit Tower
21:58 Spirit Tower
22:40 Graveyard
22:52 Necropolis
22:54 Necropolis
22:55 Halls of the Dead
24:46 Ziggurat
24:47 Ziggurat
25:53 Black Citadel
25:57 Necropolis
26:37 Crypt
26:47 Spirit Tower
26:48 Nerubian Tower
28:31 Necropolis
30:26 Halls of the Dead
32:23 Necropolis
32:45 Spirit Tower
32:47 Black Citadel
32:47 Black Citadel
39:54 Ziggurat
39:55 Necropolis
39:57 Ziggurat
44:19 Necropolis
44:20 Necropolis
44:24 Spirit Tower
» items
| Rod of Necromancy | 2 | |
| Sacrificial Skull | 1 | |
| Scroll of Town Portal | 4 | |
| Orb of Corruption | 1 | |
| Boots of Speed | 2 | |
| Scroll of Healing | 1 | |
| Periapt of Vitality | 2 | |
| Circlet of Nobility | 2 | |
15 total
team 11 (loser)

»
mikeyzergling (
pink | 24 APM | 853 actions | 36:15)
2 Demon Hunter
1 Immolation
1 Mana Burn
» actions
| Build / train | 82 | |
| Enter build submenu | 28 | |
| Enter hero's abilities submenu | 2 | |
| Remove unit from queue | 5 | |
| Right click | 286 | |
| Select / deselect | 415 | |
| Use ability | 35 | |
853 total
» units
| Wisp | 21 | |
| Archer | 7 | |
| Huntress | 18 | |
| Hippogryph | 4 | |
| Druid of the Claw | 2 | |
| Mountain Giant | 2 | |
54 total
» upgrades
| Strength of the Moon | 2 | |
| Moon Armor | 2 | |
| Ultravision | 1 | |
| Nature's Blessing | 1 | |
| Backpack | 1 | |
| Strength of the Wild | 2 | |
| Reinforced Hides | 2 | |
| Hippogryph Taming | 1 | |
| Improved Bows | 1 | |
| Druid of the Claw Training | 1 | |
14 total
» buildings
| Ancient of War | 1 | |
| Altar of Elders | 1 | |
| Hunter's Hall | 1 | |
| Moon Well | 8 | |
| Ancient Protector | 7 | |
| Tree of Ages | 1 | |
| Ancient of Wonders | 1 | |
| Ancient of Wind | 1 | |
| Ancient of Lore | 1 | |
22 total
» build order
00:11 Ancient of War
00:19 Altar of Elders
02:49 Hunter's Hall
04:02 Moon Well
06:16 Moon Well
07:46 Moon Well
08:46 Ancient Protector
09:01 Tree of Ages
10:41 Moon Well
11:04 Moon Well
12:04 Ancient Protector
12:11 Ancient Protector
12:36 Tree of Ages
12:42 Ancient of Wonders
13:36 Ancient Protector
15:19 Moon Well
16:51 Ancient Protector
16:58 Ancient Protector
17:03 Ancient Protector
19:52 Ancient of Wind
20:18 Ancient of Lore
22:28 Moon Well
22:41 Moon Well
» items
team 12 (loser)

»
jjshaw00 (
orange | 100 APM | 3817 actions | 38:11)
7 Archmage
3 Summon Water Elemental
3 Brilliance Aura
1 Mass Teleport
6 Paladin
3 Holy Light
2 Divine Shield
1 Resurrection
4 Mountain King
2 Storm Bolt
2 Thunder Clap
» actions
| Assign group hotkey | 56 | |
| Basic commands | 118 | |
| Build / train | 134 | |
| Enter build submenu | 46 | |
| Enter hero's abilities submenu | 17 | |
| Give item / drop item | 1 | |
| Remove unit from queue | 7 | |
| Right click | 1707 | |
| Select / deselect | 932 | |
| Select group hotkey | 640 | |
| Use ability | 151 | |
3817 total
» units
| Peasant | 34 | |
| Footman | 5 | |
| Rifleman | 11 | |
| Sorceress | 6 | |
| Priest | 6 | |
| Mortar Team | 4 | |
66 total
» upgrades
| Long Rifles | 1 | |
| Lumber Harvesting | 2 | |
| Gunpowder | 2 | |
| Sorceress Training | 2 | |
| Armor | 2 | |
| Priest Training | 2 | |
| Magic Sentry | 1 | |
| Masonry | 2 | |
| Flare | 1 | |
| Fragmentation Shards | 1 | |
16 total
» buildings
| Altar of Kings | 1 | |
| Barracks | 2 | |
| Farm | 14 | |
| Arcane Vault | 1 | |
| Blacksmith | 2 | |
| Lumber Mill | 1 | |
| Keep | 1 | |
| Scout Tower | 18 | |
| Guard Tower | 13 | |
| Arcane Sanctum | 2 | |
| Castle | 1 | |
| Workshop | 1 | |
| Town Hall | 3 | |
60 total
» build order
00:06 Altar of Kings
00:18 Barracks
00:34 Farm
00:48 Farm
01:59 Farm
02:27 Arcane Vault
02:41 Blacksmith
03:37 Lumber Mill
03:39 Farm
03:40 Farm
04:03 Keep
04:59 Scout Tower
05:02 Scout Tower
05:44 Guard Tower
06:06 Farm
06:07 Farm
06:34 Farm
06:48 Arcane Sanctum
08:47 Arcane Sanctum
09:11 Scout Tower
10:18 Guard Tower
11:06 Barracks
13:23 Castle
13:29 Farm
16:37 Farm
17:26 Workshop
21:01 Farm
21:04 Farm
21:50 Scout Tower
22:25 Guard Tower
24:19 Town Hall
25:17 Town Hall
25:31 Farm
28:42 Blacksmith
29:01 Scout Tower
29:02 Scout Tower
29:32 Guard Tower
29:34 Scout Tower
29:37 Scout Tower
30:16 Guard Tower
30:20 Scout Tower
30:21 Scout Tower
31:01 Guard Tower
31:39 Scout Tower
31:45 Scout Tower
32:09 Guard Tower
32:11 Scout Tower
32:25 Guard Tower
32:28 Scout Tower
32:46 Guard Tower
33:12 Guard Tower
34:10 Scout Tower
34:13 Scout Tower
34:43 Town Hall
34:45 Guard Tower
34:47 Scout Tower
34:53 Scout Tower
36:06 Guard Tower
36:58 Guard Tower
37:29 Farm
» items
| Scroll of Regeneration | 4 | |
| Lesser Clarity Potion | 4 | |
| Potion of Healing | 2 | |
10 total
Chat log
(00:07 / All) SilkwormTurkey: gl hf
(00:13 / All) xalala: u2
(00:22 / All) xmuahxbatamerex: you 3 but 2 all of u
(00:23 / All) SilkwormTurkey: shit that kid is a fst rusher
(00:30 / All) SilkwormTurkey: shit
(00:38 / All) xalala: lol
(00:39 / All) mata.: unsummon?
(00:41 / All) xmuahxbatamerex: omg
(00:45 / All) dunkinmacarthy: somebody is hacking for sue
(00:46 / All) dunkinmacarthy: sure
(00:54 / All) mikeyzergling: ?
(01:00 / All) mikeyzergling: who
(01:10 / All) dunkinmacarthy: you
(01:15 / All) xmuahxbatamerex: what?
(01:20 / All) dunkinmacarthy: stop hacking okay?
(01:26 / All) mikeyzergling: all i did was start building
(01:32 / All) xmuahxbatamerex: dun mess with mah homie
(01:42 / All) dunkinmacarthy: ur homo?
(01:55 / All) mata.: dont mess wit my homo
(01:58 / All) dunkinmacarthy: sexy
(02:30 / All) mikeyzergling: but seriously how am i hacking
(02:35 / All) dunkinmacarthy: stop hacking plz
(02:43 / All) mikeyzergling: im not
(02:49 / All) dunkinmacarthy: not u
(02:50 / All) dunkinmacarthy: him
(02:59 / All) mikeyzergling: who?
(03:01 / All) mikeyzergling: lol
(03:02 / All) dunkinmacarthy: HIM
(03:05 / All) akune: me?
(03:09 / All) dunkinmacarthy: not you
(03:11 / All) dunkinmacarthy: I said HIM
(03:15 / All) akune: oh ok
(07:57 / All) mikeyzergling: me?
(09:18 / All) mikeyzergling: orange piss off
(09:28 / All) mikeyzergling: freakin base kill
(13:17 / All) xalala: mass air ?
(13:17 / All) xalala: lol
(13:39 / All) PickUpTheBong: u talkin the orc guy?
(13:40 / All) PickUpTheBong: lol
(13:49 / All) xalala: no
(13:59 / All) xalala: TIMG4
(14:38 / All) xalala: MASS DESTROY
(14:42 / All) xalala: DESTROYER
(15:38 / All) xalala: COME ON
(15:40 / All) xalala: GET OUT
(15:43 / All) mikeyzergling: lol hey guys i can make it dark
(15:50 / All) dunkinmacarthy: SHOW ME
(15:52 / All) xmuahxbatamerex: lol
(15:55 / All) dunkinmacarthy: AMAZING
(16:00 / All) akune: HOW U DO THAT?
(16:04 / All) dunkinmacarthy: UR THE HACKER AFTERALL
(16:07 / All) xalala: norte wes
(16:10 / All) xmuahxbatamerex: are you for really blue
(16:12 / All) mikeyzergling: no its an item
(16:12 / All) xalala: north west
(16:36 / All) xalala: TIMG4STRok have MASS Destroyer
(16:40 / All) xalala: undead
(17:37 / All) mikeyzergling: ima make it dark again
(18:16 / All) xalala: fuck off dude
(18:35 / All) xalala: ATK TIMg4 he have only destroyer
(19:34 / All) xmuahxbatamerex: Lol
(19:42 / All) mikeyzergling: lol
(22:45 / All) xalala: frost and destroyer now
(24:14 / All) xmuahxbatamerex: lol
(24:26 / All) xalala: yeah atk he
(25:25 / All) mikeyzergling: let it be dark
(25:32 / All) dunkinmacarthy: u hax
(25:38 / All) xmuahxbatamerex: ha
(26:39 / All) mata.: yellow has 6 archmage
(26:42 / All) mata.: just a public service announcment
(26:46 / All) mata.: i mean orange!
(26:53 / All) mikeyzergling: orange go away
(27:11 / All) xmuahxbatamerex: blue go away
(27:13 / All) xmuahxbatamerex: lol
(28:25 / All) dunkinmacarthy: oops lag
(28:43 / All) TIMG4STRok: when is a noob going to stop
(29:45 / All) xmuahxbatamerex: yess
(29:50 / All) xmuahxbatamerex: now i live
(31:27 / All) mata.: i go guerilla on orange
(32:50 / All) xmuahxbatamerex: im dead
(35:01 / All) mata.: UGH teal. just ugh
(35:11 / All) mata.: im gonna kill like 10x of your expos for that
(38:47 / All) mata.: fine i'll harass you too
(39:11 / All) mata.: light blue is mass wyrm ???
(39:25 / All) TIMG4STRok: ??? thought he was out of game
(39:40 / All) mata.: eh its almost over i think
(39:56 / All) mata.: i got to kill oranges archm so that's nice
(41:12 / All) TIMG4STRok: noob light blue
(41:14 / All) TIMG4STRok: now you die
(42:10 / All) mata.: what's the matter lb??? no base???
(45:22 / All) mata.: ok Game Over
(45:55 / All) mata.: G